 Dungeon Crawl Stone Soup version 0.29-a0-88-g03a7b78be7 (webtiles) character file.

Game seed: 3476573339594652962

331 enile the Sneak (level 6, 0/42 HPs)
             Began as an Octopode Venom Mage on Feb 5, 2022.
             Was an Initiate of Ru.
             Succumbed to a killer bee's poison
             ... on level 4 of the Dungeon.
             The game lasted 00:07:40 (4655 turns).

enile the Sneak (Octopode Venom Mage)               Turns: 4655, Time: 00:07:40

Health: 0/42       AC:  1    Str:  7    XL:     6   Next: 52%
Magic:  6/10       EV: 13    Int: 20    God:    Ru [......]
Gold:   154        SH:  0    Dex: 12    Spells: 1/11 levels left

rFire   . . .      SeeInvis +   c - +3 short sword
rCold   . . .      Faith    .   (no shield)
rNeg    . . .      Spirit   .   (helmet restricted)
rPois   .          Reflect  .   (no amulet)
rElec   .          Harm     .   m - ring of see invisible
rCorr   .          Rampage  .   (no ring)
Will    .....                   (no ring)
Stlth   +++.......              (no ring)
HPRegen 0.14/turn               (no ring)
MPRegen 0.12/turn               (no ring)
                                (no ring)
                                (no ring)

@: lethally poisoned (0 -> -6), on berserk cooldown, attractive, slowed, very
slow
A: almost no armour, amphibious, 8 rings, camouflage 1, gelatinous body 1,
(nimble swimmer 1), tentacles
a: Renounce Religion


You were on level 4 of the Dungeon.
You worshipped Ru.
Ru was noncommittal.
You visited 1 branch of the dungeon, and saw 4 of its levels.

You collected 154 gold pieces.

Inventory:

Hand Weapons
 c - a +3 short sword (weapon)
 n - a +0 trident of pain
 o - a +0 falchion
Missiles
 a - 6 javelins
 b - 4 poisoned darts
Jewellery
 m - a ring of see invisible (left tentacle)
Scrolls
 e - a scroll of amnesia
 f - a scroll of holy word {unknown}
 h - a scroll of enchant armour {unknown}
 i - a scroll of magic mapping {unknown}
 j - a scroll of identify
 k - 2 scrolls of fog {unknown}
Potions
 g - 2 potions of attraction
 l - a potion of curing {unknown}
 p - a potion of magic {unknown}
 q - a potion of mutation {unknown}


   Skills:
 + Level 3.2 Fighting
 - Level 3.0 Short Blades
 - Level 3.0 Dodging
 - Level 4.0 Stealth
 - Level 3.0 Spellcasting
 - Level 1.0 Transmutations
 - Level 4.0 Poison Magic


You had one spell level left.
You knew the following spells:

 Your Spells              Type           Power      Damage    Failure   Level
a - Sting                 Tmut/Pois      52%        1d5       4%          1
b - Poisonous Vapours     Pois/Air       22%        N/A       10%         2
c - Olgreb's Toxic Radia  Pois           19%        N/A       26%         4
d - Mephitic Cloud        Conj/Pois/Air  8%         N/A       26%         3

Your spell library contained the following spells:

 Spells                   Type           Power      Damage    Failure   Level


Dungeon Overview and Level Annotations

Branches:
Dungeon (4/15)
 Temple: D:4-7

Altars:
Qazlal
Ru
Wu Jian


Innate Abilities, Weirdness & Mutations

You cannot wear most types of armour.
You are amphibious.
You can wear up to eight rings at the same time.
Your skin changes colour to match your surroundings (Stealth+).
Your rubbery body absorbs attacks. (AC +1, EV +1)
((You are camouflaged when in or above water. (Stealth+)))
You have tentacles for arms and can constrict up to eight enemies at once.


Message History

The killer bee is lightly wounded.
You feel very sick. The killer bee stings you!
The killer bee closely misses you.
As you read the scroll of teleportation, it crumbles to dust.
You feel strangely unstable.
You feel sick. The killer bee closely misses you. The killer bee stings you.
You are lethally poisoned!
The killer bee poisons you!
You feel very sick.
The killer bee looks more healthy.
The killer bee stings you!
* * * LOW HITPOINT WARNING * * *
It was a potion of attraction.
You feel attractive to monsters.
* * * LOW HITPOINT WARNING * * *
You feel very sick. The killer bee barely misses you. x2
It was a potion of berserk rage.
A red film seems to cover your vision as you go berserk!
You feel yourself moving faster!
You feel mighty!
Your surroundings suddenly seem different.
* * * LOW HITPOINT WARNING * * *
You feel sick.
You are too berserk!
Okay, then.
You are too berserk!
You feel a strong urge to attack something.
* * * LOW HITPOINT WARNING * * *
You feel sick.
* * * LOW HITPOINT WARNING * * *
You feel sick.
You are too berserk!
You are too berserk!
You feel your anger nearly subside.
* * * LOW HITPOINT WARNING * * *
You feel sick.
Okay, then.
You are no longer berserk.
You are exhausted.
You feel yourself slow down.
You die...

####.########.......≈≈≈≈#
#>.......#.........≈≈#
######.###(.........≈#
#######.# ##.##########
#.....#.# #.#
#.###.#.####.# #.#
#.#......# #.# #.#####.##
#.# #..@....# #.#
######### #.# #.# #.# #.#
#.# #.#########.
#..yy.......


There were no monsters in sight!

Vanquished Creatures
  A killer bee (D:4)
  4 orc priests (D:3)
  Jessica (D:2)
  An orc wizard (D:3)
  Robin (D:2)
  An adder (D:3)
  A worm (D:2)
  A dart slug (D:4)
  10 orcs (D:3)
  8 endoplasms
  4 giant cockroaches
  11 goblins
  11 hobgoblins
  4 quokkas
  4 ball pythons
  5 bats
  A frilled lizard (D:2)
  3 kobolds
  6 rats
78 creatures vanquished.

Notes
Turn   | Place    | Note
-------+----------+-------------------------------------------
     0 | D:1      | enile the Octopode Venom Mage began the quest for the Orb.
     0 | D:1      | Reached XP level 1. HP: 11/11 MP: 3/3
   390 | D:1      | Reached skill level 1 in Fighting
   394 | D:1      | Reached XP level 2. HP: 16/18 MP: 0/5
   804 | D:1      | Learned a level 2 spell: Poisonous Vapours
  1080 | D:2      | Noticed Jessica
  1099 | D:2      | Killed Jessica
  1100 | D:2      | Reached skill level 1 in Short Blades
  1100 | D:2      | Reached XP level 3. HP: 10/23 MP: 1/7
  1464 | D:2      | Noticed Robin
  1494 | D:2      | Reached XP level 4. HP: 17/29 MP: 2/8
  1626 | D:1      | Learned a level 4 spell: Olgreb's Toxic Radiance
  1855 | D:2      | Killed Robin
  2158 | D:2      | Found a faded altar of an unknown god.
  2178 | D:2      | Prayed at the altar of an unknown god.
  2178 | D:2      | Became a worshipper of Ru the Awakened
  3001 | D:3      | Reached XP level 5. HP: 36/36 MP: 0/9
  4216 | D:3      | Found a stormy altar of Qazlal.
  4268 | D:3      | Reached XP level 6. HP: 42/42 MP: 10/10
  4379 | D:3      | Learned a level 3 spell: Mephitic Cloud
  4556 | D:4      | Found an ornate altar of the Wu Jian Council.
  4645 | D:4      | Noticed a black bear
  4652 | D:4      | HP: 3/63 [poisoned by a killer bee]
  4654 | D:4      | HP: 1/63 [poisoned by a killer bee]
  4655 | D:4      | Succumbed to a killer bee's poison

Illustrated notes

Levels and vault maps discovered:
D:1:      nagdon_arrival_double_spiral, layout_loops_cross, minmay_pentomino_w2
D:2:      layout_basic, ebering_ecumenical_altar_abandoned, uniq_jessica,
          uniq_robin
D:3:      layout_rooms, nicolae_qazlal_general_emergency, corexii_corridor_pit,
          chequers_jeans, minmay_parallelograms, kennysheep_generic_room_14
D:4:      layout_basic, jmf_multi_god_temple, nzn_wu_jian_contemplation

Skill      XL: |  1  2  3  4  5  6 |
---------------+-------------------+-----
Fighting       | 1 3 |  3.2
Spellcasting   | 3 |  3.0
Short Blades   | 1 3 |  3.0
Stealth        | 3 4 |  4.0
Dodging        | 3 |  3.0
Poison Magic   | 4 |  4.0
Transmutations | |  1.0

Action                   |  1- 3 |  4- 6 || total
-------------------------+-------+-------++-------
Melee: Unarmed           |     7 |       ||     7
       Tentacles         |     6 |    14 ||    20
       Constrict         |     7 |    12 ||    19
       Short sword       |    17 |    60 ||    77
       Punch             |     1 |       ||     1
 Cast: Sting             |    21 |    41 ||    62
       Poisonous Vapours |     8 |    30 ||    38
Invok: Reject Sacrifices |       |     1 ||     1
  Use: Scroll            |       |     4 ||     4
       Potion            |       |     2 ||     2
 Stab: Sleeping          |     1 |     4 ||     5
Armor: Skin              |     1 |     3 ||     4
Dodge: Dodged            |    12 |    43 ||    55

Table legend: (Time is in decaauts)
 A = Elapsed time spent in this place.
 B = Non-inter-level travel time spent in this place.
 C = Inter-level travel time spent in this place.
 D = Time resting spent in this place.
 E = Time spent auto-exploring this place.
 F = Levels seen in this place.
 G = Mean time per level.
                   A        B        C        D        E       F      G
               +--------+--------+--------+--------+--------+-----+--------+
         Total |   4658 |   4593 |     65 |    850 |   3159 |   4 | 1164.5 |
       Dungeon |   4658 |   4593 |     65 |    850 |   3159 |   4 | 1164.5 |
               +--------+--------+--------+--------+--------+-----+--------+

Top non-repeatable levels by time:
     D:2: 1717 daAuts
     D:1: 1468 daAuts
     D:3: 1306 daAuts
     D:4: 165 daAuts
